 Dungeon Crawl Stone Soup version 0.29-a0-344-ge2f44be95a (webtiles) character file.

Game seed: 7196674553996276822

1759 Shayle the Sneak (level 8, -20/64 HPs)
             Began as a Vampire Warper on Jan 27, 2022.
             Was an Initiate of Ashenzari.
             Killed from afar by Joseph (36 damage)
             ... with a bolt of acid
             ... on level 7 of the Dungeon on Apr 21, 2022.
             The game lasted 00:38:11 (7684 turns).

Shayle the Sneak (Vampire Warper)                   Turns: 7684, Time: 00:38:12

Health: -20/64     AC:  8    Str: 12    XL:     8   Next: 79%
Magic:  14/14      EV: 12    Int: 23    God:    Ashenzari [......]
Gold:   303        SH:  7    Dex: 20    Spells: 7/15 levels left

rFire   + . .      SeeInvis +   p - +1 dagger (speed)
rCold   . . .      Faith    .   m - +1 buckler of the Enigmatic Oblivion {+Inv Dex+6, Bglg, Cun} (curse)
rNeg    + . .      Spirit   .   k - +2 ring mail of Duob {rN+ Will+}
rPois   +          Reflect  .   (no helmet)
rElec   .          Harm     .   (no cloak)
rCorr   .          Rampage  .   y - +0 pair of gloves
Will    +....                   (no boots)
Stlth   ++++......              x - amulet of the Amoeba {Acrobat rPois Int+2}
HPRegen 0.40/turn               n - ring of protection from fire
MPRegen 0.14/turn               d - +6 ring of intelligence

@: healing quickly, invisible
A: alive, fangs 3, see invisible, vampiric 2
a: Exsanguinate, Renounce Religion, Evoke Invisibility, Shatter the Chains


You were on level 7 of the Dungeon.
You worshipped Ashenzari.
Ashenzari was noncommittal.
You visited 2 branches of the dungeon, and saw 8 of its levels.
You also visited: Ossuary.

You collected 303 gold pieces.

Inventory:

Hand Weapons
 p - a +1 dagger of speed (weapon)
Missiles
 z - 3 boomerangs (quivered)
Armour
 a - a +0 leather armour
 f - the +4 robe "Punau" {Dex+3}
   (You found it on level 5 of the Dungeon)

   Dex:       It affects your dexterity (+3).
 k - the +2 ring mail of Duob (worn) {rN+ Will+}
   (You found it on level 3 of the Dungeon)

   rN:        It protects you from negative energy.
   Will:      It increases your willpower.
 m - the cursed +1 buckler of the Enigmatic Oblivion (worn) {+Inv Dex+6, Bglg, Cun}
   (You acquired it in an ossuary)

   Dex:       It affects your dexterity (+6).
   +Inv:      It lets you turn invisible.
   It has a curse which improves the following skills: Beguiling: Conjurations,
   Hexes and Translocations.
   Cunning:   Dodging and Stealth.
 r - the +0 leather armour of Gestures {rC+}
   (You found it on level 3 of the Dungeon)

   rC:        It protects you from cold.
 y - a +0 pair of gloves (worn)
Jewellery
 d - a +6 ring of intelligence (right hand)
 n - a ring of protection from fire (left hand)
 x - the amulet of the Amoeba (around neck) {Acrobat rPois Int+2}
   (You found it on level 4 of the Dungeon)

   [amulet of the acrobat]

   It increases your evasion while moving and waiting.
   Int:       It affects your intelligence (+2).
   rPois:     It protects you from poison.
Scrolls
 b - 2 scrolls of blinking
 h - 5 scrolls of immolation
 o - 2 scrolls of fear
 s - 5 scrolls of teleportation
 t - a scroll of amnesia {unknown}
 v - 2 scrolls of enchant weapon {unknown}
 B - a scroll of fog
 E - a scroll of vulnerability {unknown}
 F - a scroll of identify
Potions
 g - 4 potions of attraction
 i - 2 potions of mutation
 j - 3 potions of magic
 l - 4 potions of haste
 q - a potion of brilliance
 u - a potion of cancellation
 w - a potion of ambrosia {unknown}
 A - a potion of might {unknown}
 D - a potion of lignification {unknown}
 G - a potion of curing


   Skills:
 + Level 6.1 Fighting
 - Level 1.1 Throwing
 - Level 1.0 Armour
 + Level 4.6(5.0) Dodging
 - Level 7.9(8.4) Stealth
 - Level 4.0 Shields
 - Level 2.6 Unarmed Combat
 - Level 4.0 Spellcasting
 + Level 0.1(0.2) Conjurations
 + Level 2.7(3.1) Translocations
 + Level 0.2 Fire Magic
 + Level 0.3 Air Magic
 + Level 0.2 Poison Magic


You had 7 spell levels left.
You knew the following spells:

 Your Spells              Type           Power      Damage    Failure   Level
a - Blink                 Tloc           36%        N/A       13%         2
b - Mephitic Cloud        Conj/Pois/Air  5%         N/A       63%         3
c - Ignite Poison         Fire/Tmut/Pois 5%         N/A       65%         3

Your spell library contained the following spells:

 Spells                   Type           Power      Damage    Failure   Level
 Gell's Gravitas          Tloc           18%        N/A       26%         3
 Lesser Beckoning         Tloc           18%        N/A       26%         3
 Teleport Other           Tloc           18%        N/A       26%         3
 Static Discharge         Conj/Air       5%         N/A       38%         2
 Manifold Assault         Tloc           18%        N/A       94%         5
 Freezing Cloud           Conj/Ice/Air   2%         6-21      100%        5
 Lightning Bolt           Conj/Air       2%         1d14      100%        5
 Maxwell's Capacitive Co  Air            2%         ∞         100%        8


Dungeon Overview and Level Annotations

Branches:
Dungeon (7/15)             Temple (1/1) D:5         Ossuary (visited)

Altars:
Ashenzari
Cheibriados
Dithmenos
Elyvilon
Gozag
Kikubaaqudgha
Makhleb
Nemelex Xobeh
Okawaru
Qazlal
Sif Muna
Trog
Uskayaw
Wu Jian
Xom
Yredelemnul
Zin
The Shining One

Shops:
D:4 [

Annotations:
D:7 Joseph


Innate Abilities, Weirdness & Mutations

Your natural rate of healing is accelerated.
You have razor-sharp teeth.
You have supernaturally acute eyesight. (SInv)
You are afflicted with vampirism and can become a bat while bloodless.


Message History

There is a stone staircase leading down here.
G - a potion of curing A bullfrog comes into view.
The helpless bullfrog fails to defend itself.
You impale the bullfrog!!
You kill the bullfrog!
Found a potion of attraction.
g - 4 potions of attraction (gained 1)
A white imp comes into view.
Found 18 stones.
The helpless white imp fails to defend itself.
You spit the white imp like a pig!!!
You kill the white imp!
You see here 18 stones.
Found 20 gold pieces.
You now have 303 gold pieces (gained 20).
Joseph shouts!
Joseph zaps a wand.
The bolt of acid misses you.
You aren't carrying any items that you can evoke.
Unknown command.
Throw: boomerang (disperse)
Press: ? - help, Q - select action, (/) - cycle Shift-Dir - straight line, f - Joseph
Aim: Joseph, wielding a +2 vampiric hand axe, wearing a +0 ring mail and carrying a wand of acid (7) (69% to hit)
You throw a boomerang of dispersal.
The boomerang of dispersal barely misses Joseph.
Joseph unwields a +2 vampiric hand axe.
Joseph wields a +3 hunting sling of freezing.
It is covered in frost.
Joseph shoots a sling bullet.
The sling bullet hits you but does no damage.
You aren't carrying any items that you can evoke.
Unknown command.
As you read the scroll labelled JOEG KESIOMY, it crumbles to dust.
You speak a Word of immense power!
You are blasted by holy energy!
It was a scroll of holy word.
Joseph zaps a wand.
The bolt of acid hits you!!
* * * LOW HITPOINT WARNING * * *
It was a potion of invisibility.
You fade into invisibility!
Joseph zaps a wand.
The bolt of acid hits you!!!
Ouch! That really hurt!
You die...

#.# #........ ## #.#
#.###.##.##g# ..#
#.####.....##.##.# #.#
#..........##.##g# #.#
##......#..###.##g# #.#
#..@.........#.##.# ##### #.#
#..######......##.#
....###.#######..######.##.####.#
###.............@.....#.##.##....
#####.#######..####............
#.# #.## ###.......... #.## #.#
###.##.##..## #..# #.#
#..........# ##.# #.#
#.#.##.##..# #.#
#.#####.#.##.##..# #.#
#................# #.####
#.#####.#######..#


You could see Joseph (can't see you).

Vanquished Creatures
  A water moccasin (D:6)
  An ice beast (D:6)
  A sky beast (D:5)
  An ogre (D:6)
  3 phantoms
  A kobold brigand (D:4)
  2 bullfrogs
  A gnoll sergeant (D:6)
  2 scorpions
  A howler monkey (D:6)
  2 orc priests
  2 hounds
  A jelly (D:7)
  An iguana (D:5)
  6 orc wizards
  14 mummies
  4 gnolls
  4 adders
  2 white imps
  4 ufetubi
  A worm (D:5)
  2 dart slugs
  22 orcs
  5 bats
  11 endoplasms
  A giant cockroach (D:3)
  7 hobgoblins
  10 kobolds
  4 quokkas
  9 ball pythons
  4 frilled lizards
  2 gnoll skeletons (Ossuary)
  5 goblins
  5 goblin skeletons (Ossuary)
  A hobgoblin zombie (D:4)
  A kobold skeleton (Ossuary)
  A kobold zombie (D:4)
  7 rats
  11 rat skeletons (Ossuary)
163 creatures vanquished.

Vanquished Creatures (others)
  4 toadstools (D:1)
4 creatures vanquished.

Grand Total: 167 creatures vanquished

Notes
Turn   | Place    | Note
-------+----------+-------------------------------------------
     0 | D:1      | Shayle the Vampire Warper began the quest for the Orb.
     0 | D:1      | Reached XP level 1. HP: 16/16 MP: 3/3
   110 | D:1      | Reached XP level 2. HP: 22/22 MP: 5/5
   141 | D:1      | Reached skill level 1 in Throwing
   583 | D:1      | Reached skill level 1 in Armour
   629 | D:1      | Gained mutation: You are afflicted with vampirism and can
                  | become a bat while bloodless. [Vampire growth]
   629 | D:1      | Reached XP level 3. HP: 23/27 MP: 6/6
   960 | D:2      | Reached skill level 1 in Stealth
  1081 | D:2      | Found a shimmering blue altar of Sif Muna.
  1103 | D:2      | Reached skill level 2 in Stealth
  1571 | D:3      | Found a faded altar of an unknown god.
  1619 | D:3      | Identified the +2 ring mail of Duob {rN+ Will+}
  1704 | D:3      | Reached XP level 4. HP: 31/33 MP: 7/7
  1818 | D:3      | Reached skill level 3 in Stealth
  1893 | D:3      | Reached skill level 4 in Stealth
  2072 | D:3      | Identified the +0 leather armour of Gestures {rC+}
  2336 | D:4      | Found Boacagg's Armour Shoppe.
  2385 | D:4      | Found a sand-covered staircase.
  2404 | D:4      | Reached skill level 5 in Stealth
  2404 | D:4      | Reached XP level 5. HP: 38/38 MP: 8/8
  2407 | Ossuary  | Entered an ossuary
  2615 | Ossuary  | Reached skill level 6 in Stealth
  2765 | Ossuary  | Reached skill level 7 in Stealth
  2982 | Ossuary  | Identified a scroll of acquirement
  2982 | Ossuary  | Acquired the +1 buckler of Infinity {+Inv Dex+6}
  3039 | Ossuary  | Reached XP level 6. HP: 19/44 MP: 9/9
  3163 | Ossuary  | Reached skill level 1 in Shields
  3415 | D:4      | Identified the amulet of the Amoeba {Acrobat rPois Int+2}
  3646 | D:3      | HP: 2/44 [gnoll sergeant (6)]
  3893 | D:4      | Upgraded the game from 0.29-a0-8-g0446c0dae4 to
                  | 0.29-a0-341-g24ffce5b50
  4285 | D:5      | Entered Level 5 of the Dungeon
  4285 | D:5      | Found a staircase to the Ecumenical Temple.
  4433 | Temple   | Entered the Ecumenical Temple
  4523 | Temple   | Became a worshipper of Ashenzari the Shackled
  4593 | D:5      | Noticed a sky beast
  4604 | D:6      | Noticed a water moccasin
  4647 | D:5      | Killed a sky beast
  4648 | D:5      | Reached XP level 7. HP: 43/52 MP: 10/10
  4968 | D:5      | Learned a level 2 spell: Blink
  5562 | D:5      | Identified the +4 robe "Punau" {Dex+3}
  5714 | D:5      | Upgraded the game from 0.29-a0-341-g24ffce5b50 to
                  | 0.29-a0-344-ge2f44be95a
  5872 | D:6      | Reached skill level 5 in Fighting
  5872 | D:6      | Reached XP level 8. HP: 59/62 MP: 11/11
  5892 | D:6      | Learned a level 3 spell: Mephitic Cloud
  5896 | D:6      | Learned a level 3 spell: Ignite Poison
  6513 | D:7      | Noticed Joseph
  7684 | D:7      | Killed from afar by Joseph

Illustrated notes

Levels and vault maps discovered:
D:1:      ldierk_water_garden, layout_basic, minmay_split_cup_small
D:2:      layout_basic, basic_altar
D:3:      layout_basic, hellmonk_ecumenical_altar_pennies_from_heaven
D:4:      layout_basic, serial_shops, shop, nicolae_ossuary_entry_giza
D:5:      layout_loops_ring, nicolae_tso_swordbearing_angel,
          minmay_temple_entry_trees
D:6:      nicolae_cairo_tiling, layout_cave_pools
D:7:      layout_loops_ring, bh_walls_and_bars, uniq_joseph
Temple:   mainiacjoe_temple_bowtie_tessellation

Skill      XL: |  1  2  3  4  5  6  7  8 |
---------------+-------------------------+-----
Throwing       | 1 |  1.1
Fighting       | 2 3 5 6 |  6.1
Armour         | 1 |  1.0
Stealth        | 2 5 7 |  7.9
Shields        | 2 4 |  4.0
Dodging        | 4 |  4.6
Spellcasting   | 4 |  4.0
Unarmed Combat | |  2.6
Conjurations   | |  0.1
Translocations | |  2.7
Fire Magic     | |  0.2
Air Magic      | |  0.3
Poison Magic   | |  0.2

Action                   |  1- 3 |  4- 6 |  7- 9 || total
-------------------------+-------+-------+-------++-------
Melee: Unarmed           |   144 |       |       ||   144
       Bite              |    14 |    62 |    56 ||   132
       Punch             |     4 |     5 |       ||     9
       Dagger            |    19 |   417 |   427 ||   863
Throw: Boomerang         |     2 |     1 |     4 ||     7
       Dart              |       |       |     2 ||     2
 Cast: Blink             |       |       |     1 ||     1
Invok: Curse Item        |       |       |     1 ||     1
  Use: Scroll            |     4 |     8 |     6 ||    18
       Potion            |       |     6 |     3 ||     9
 Stab: Sleeping          |     2 |    12 |     4 ||    18
       Distracted        |       |     1 |       ||     1
Armor: Leather armour    |    30 |       |       ||    30
       Ring mail         |     1 |    67 |   103 ||   171
Dodge: Dodged            |    98 |   122 |   195 ||   415
Block: Buckler           |       |    46 |   121 ||   167

Table legend: (Time is in decaauts)
 A = Elapsed time spent in this place.
 B = Non-inter-level travel time spent in this place.
 C = Inter-level travel time spent in this place.
 D = Time resting spent in this place.
 E = Time spent auto-exploring this place.
 F = Levels seen in this place.
 G = Mean time per level.
                   A        B        C        D        E       F      G
               +--------+--------+--------+--------+--------+-----+--------+
         Total |   7433 |   7176 |    257 |   1313 |   3374 |   9 |  825.9 |
       Dungeon |   6537 |   6309 |    228 |    953 |   3221 |   7 |  933.9 |
        Temple |    119 |     90 |     29 |      0 |     77 |   1 |  119.0 |
       Ossuary |    776 |    776 |      0 |    360 |     76 |   1 |  776.0 |
               +--------+--------+--------+--------+--------+-----+--------+

Top non-repeatable levels by time:
     D:6: 1297 daAuts
     D:5: 1075 daAuts
     D:3: 1007 daAuts
     D:4: 975 daAuts
     D:2: 852 daAuts
 Ossuary: 776 daAuts
     D:7: 671 daAuts
     D:1: 657 daAuts
  Temple: 119 daAuts
